 Dungeon Crawl Stone Soup version 0.24.0-1-gfbc8707122 (webtiles) character file.

Game seed: 1779845517641559953, levelgen mode: deterministic

2415 Apachew the Magician (level 9, -4/69 HPs)
             Began as a Gnoll Skald on Oct 28, 2019.
             Was a Believer of Sif Muna.
             Slain by an orc warrior
             ... wielding a +0 hand axe
              (11 damage)
             ... on level 9 of the Dungeon.
             The game lasted 00:32:24 (7713 turns).

Apachew the Magician (Gnoll Skald)                  Turns: 7713, Time: 00:32:24

Health: -4/69      AC: 11    Str: 15      XL:     9   Next: 47%
Magic:  14/18      EV: 15    Int: 21      God:    Sif Muna [**....]
Gold:   256        SH:  7    Dex: 13 (14) Spells: 12/21 levels left

rFire    . . .     SeeInvis .   z - +0 mace (protect)
rCold    . . .     Gourm    .   j - +2 buckler
rNeg     + . .     Faith    .   b - +0 leather armour
rPois    .         Spirit   .   e - +0 helmet {Int+3}
rElec    .         Reflect  .   (no cloak)
rCorr    .         Harm     .   (no gloves)
MR       .....                  (no boots)
Stlth    ++........             (no amulet)
HPRegen  0.21/turn              (no ring)
MPRegen  0.16/turn              x - ring of positive energy

@: shrouded, protection aura
A: distributed training, fangs 1, strong nose
a: Channel Magic, Renounce Religion


You were on level 9 of the Dungeon.
You worshipped Sif Muna.
Sif Muna was pleased with you.
You were not hungry.

You visited 2 branches of the dungeon, and saw 10 of its levels.
You also visited: Ossuary.

You collected 475 gold pieces.
You spent 219 gold pieces at shops.

Inventory:

Hand Weapons
 m - a +0 trident
 w - a +1 broad axe of flaming
 z - a +0 mace of protection (weapon)
Missiles
 g - 5 boomerangs of dispersal (quivered)
 q - 21 poisoned darts
 A - 8 boomerangs
Armour
 b - a +0 leather armour (worn)
 e - a +0 helmet of intelligence (worn)
 j - a +2 buckler (worn)
 n - a +0 scale mail
 o - a +0 ring mail
Jewellery
 u - an uncursed ring of fire
 v - an uncursed ring of protection from fire {unknown}
 x - a ring of positive energy (right hand)
Wands
 k - a wand of flame (17)
 y - a wand of paralysis (5)
 C - a wand of enslavement (7)
Scrolls
 c - a scroll of holy word
 h - 5 scrolls of teleportation
 r - 2 scrolls of blinking {unknown}
 t - 4 scrolls of identify
 B - a scroll of remove curse
 E - a scroll of magic mapping {unknown}
Potions
 a - a potion of resistance {unknown}
 f - 5 potions of heal wounds
 i - 3 potions of haste
 l - 2 potions of curing
 p - a potion of cancellation
 s - 2 potions of lignification {unknown}
Comestibles
 d - 14 rations
 D - 6 chunks of flesh


   Skills:
 + Level 6.3 Fighting
 + Level 4.2 Short Blades
 + Level 4.2 Long Blades
 + Level 4.2 Axes
 + Level 4.2 Maces & Flails
 + Level 6.3 Polearms
 + Level 4.2 Staves
 + Level 4.2 Slings
 + Level 4.2 Bows
 + Level 4.2 Crossbows
 + Level 4.2 Throwing
 + Level 5.0 Armour
 + Level 6.3 Dodging
 + Level 4.2 Stealth
 + Level 4.2 Shields
 + Level 4.2 Unarmed Combat
 + Level 6.6 Spellcasting
 + Level 3.4 Conjurations
 + Level 3.4 Hexes
 + Level 6.5 Charms
 + Level 3.4 Summonings
 + Level 3.4 Necromancy
 + Level 3.4 Translocations
 + Level 3.4 Transmutations
 + Level 3.4 Fire Magic
 + Level 3.4 Ice Magic
 + Level 3.4 Air Magic
 + Level 3.4 Earth Magic
 + Level 3.4 Poison Magic
 + Level 4.6 Invocations
 + Level 4.2 Evocations


You had 12 spell levels left.
You knew the following spells:

 Your Spells              Type           Power        Failure   Level  Hunger
e - Spectral Weapon       Hex/Chrm       ####....     4%          3    #......
g - Regeneration          Chrm/Necr      ####......   4%          3    #......
q - Infusion              Chrm           ####         1%          1    None
s - Shroud of Golubria    Chrm/Tloc      ####..       1%          2    None

Your spell library contained the following spells:

 Spells                   Type           Power        Failure   Level  Hunger
 Song of Slaying          Chrm           ####....     1%          2    None


Dungeon Overview and Level Annotations

Branches:
Dungeon (9/15)             Temple (1/1) D:4         Ossuary (visited)
   Lair: D:8-11         Orc: D:9-12

Altars:
Ashenzari
Cheibriados
Dithmenos
Elyvilon
Fedhas
Gozag
Hepliaklqana
Kikubaaqudgha
Makhleb
Nemelex Xobeh
Qazlal
Ru
Sif Muna
Trog
Uskayaw
Vehumet
Wu Jian
Xom
Yredelemnul
Zin
The Shining One

Shops:
D:6 *   D:7 ?

Annotations:
D:5 3 runed translucent doors, topfpfpflanze's ghost, novice GnWn
D:8 3 runed translucent doors, sneaky's ghost, novice MiFi
D:9 Harold; Psyche


Innate Abilities, Weirdness & Mutations

Your experience applies equally to all skills.
You have very sharp teeth.
Your uncanny sense of smell can sniff out nearby items.


Message History

Sif Muna accepts your kill. The orc hits you but does no damage.
You are electrocuted!
The orc warrior hits your spectral weapon with a +0 hand axe.
Your spectral weapon shares its damage with you!
Unknown command.
Unknown command.
The orc hits you but does no damage.
You are electrocuted!!
Your shroud bends the orc warrior's attack away.
The orc warrior hits your spectral weapon but does no damage.
Items here: ( )) [ †† Unknown command.
You hit the orc warrior but do no damage.
Your spectral weapon hits the orc warrior but does no damage.
The crimson imp hits your spectral weapon.
Your spectral weapon shares its damage with you!
The orc hits you with a +2 dagger of electrocution.
You are electrocuted!
* * * LOW HITPOINT WARNING * * *
The orc warrior hits you with a +0 hand axe!
You die...

.......#...#
.#.#####...# ∆ ##.#
##### ...# ######## ∆ ∆
#### #......##### ##
#..........#!$.
#..........(...
##########......o.......
.........'....5(@.......
##.......#......o.......
#..........######......
#..........# ......
#..........# .....
#..........# #####
##.......#### .........#
##.......#


You could see an orc warrior, a crimson imp, an orc and a friendly spectral +0
mace of protection.

Vanquished Creatures
  A hungry ghost (D:7)
  An orc warrior (D:7)
  A black bear (D:9)
  A phantom (D:4)
  2 ogres
  2 centaurs
  3 bullfrogs
  An elf skeleton (D:4)
  A scorpion (D:6)
  3 killer bees (D:7)
  3 centaur zombies
  2 crimson imps
  A human zombie (D:4)
  2 quasits
  5 hounds
  4 orc wizards
  An orc priest (D:6)
  Terence (D:2)
  2 human skeletons (D:4)
  5 centaur skeletons
  8 worker ants
  A big kobold zombie (Ossuary)
  5 mummies (Ossuary)
  A worker ant zombie (D:5)
  7 adders
  3 gnolls (D:3)
  A howler monkey skeleton (D:5)
  A shadow imp (D:7)
  An ooze (D:1)
  An adder skeleton (D:5)
  An adder zombie (D:5)
  2 worms (D:3)
  5 dart slugs
  4 leopard geckos
  16 orcs
  A giant cockroach (D:7)
  5 hobgoblins
  A jackal (D:3)
  4 quokkas
  2 ball pythons
  8 bats
  5 frilled lizards
  8 goblins
  A hobgoblin zombie (Ossuary)
  4 kobolds
  An orc skeleton (D:4)
  An orc zombie (D:4)
  A quokka zombie (D:7)
  5 rats
146 creatures vanquished.

Vanquished Creatures (others)
  4 spectral weapons
4 creatures vanquished.

Grand Total: 150 creatures vanquished

Notes
Turn   | Place    | Note
-------+----------+-------------------------------------------
     0 | D:1      | Apachew the Gnoll Skald began the quest for the Orb.
     0 | D:1      | Reached XP level 1. HP: 20/20 MP: 6/6
   115 | D:1      | Reached XP level 2. HP: 26/26 MP: 4/7
   309 | D:1      | Reached XP level 3. HP: 31/31 MP: 2/9
   357 | D:1      | Reached skill level 5 in Spellcasting
   704 | D:2      | Learned a level 3 spell: Spectral Weapon
   707 | D:2      | Learned a level 2 spell: Shroud of Golubria
   711 | D:2      | Learned a level 3 spell: Regeneration
   711 | D:2      | Noticed Terence
   734 | D:2      | Killed Terence
   734 | D:2      | Reached skill level 1 in Short Blades
   734 | D:2      | Reached skill level 1 in Long Blades
   734 | D:2      | Reached skill level 1 in Axes
   734 | D:2      | Reached skill level 1 in Maces & Flails
   734 | D:2      | Reached skill level 1 in Staves
   734 | D:2      | Reached skill level 1 in Slings
   734 | D:2      | Reached skill level 1 in Bows
   734 | D:2      | Reached skill level 1 in Crossbows
   734 | D:2      | Reached skill level 1 in Throwing
   734 | D:2      | Reached skill level 1 in Stealth
   734 | D:2      | Reached skill level 1 in Shields
   734 | D:2      | Reached skill level 1 in Unarmed Combat
   734 | D:2      | Reached skill level 1 in Invocations
   734 | D:2      | Reached skill level 1 in Evocations
   734 | D:2      | Reached XP level 4. HP: 19/38 MP: 0/11
  1285 | D:3      | Reached skill level 1 in Conjurations
  1285 | D:3      | Reached skill level 1 in Hexes
  1285 | D:3      | Reached skill level 1 in Summonings
  1285 | D:3      | Reached skill level 1 in Necromancy
  1285 | D:3      | Reached skill level 1 in Translocations
  1285 | D:3      | Reached skill level 1 in Transmutations
  1285 | D:3      | Reached skill level 1 in Fire Magic
  1285 | D:3      | Reached skill level 1 in Ice Magic
  1285 | D:3      | Reached skill level 1 in Air Magic
  1285 | D:3      | Reached skill level 1 in Earth Magic
  1285 | D:3      | Reached skill level 1 in Poison Magic
  1379 | D:3      | Reached XP level 5. HP: 43/43 MP: 3/12
  1799 | D:3      | Found a shimmering blue altar of Sif Muna.
  1799 | D:3      | Found a faded altar of an unknown god.
  1804 | D:3      | Found a faded altar of an unknown god.
  1806 | D:3      | Found a hide-covered altar of Uskayaw.
  1807 | D:3      | Found a shadowy altar of Dithmenos.
  1821 | D:3      | Became a worshipper of Sif Muna the Loreminder
  1886 | D:4      | Noticed a phantom
  1924 | D:4      | Killed a phantom
  1924 | D:4      | Reached XP level 6. HP: 42/50 MP: 0/13
  2082 | D:4      | Reached skill level 5 in Fighting
  2082 | D:4      | Reached skill level 5 in Polearms
  2082 | D:4      | Reached skill level 5 in Dodging
  2347 | D:4      | Reached XP level 7. HP: 50/56 MP: 11/15
  2389 | D:4      | Found a sand-covered staircase.
  2414 | Ossuary  | Entered an ossuary
  2433 | Ossuary  | HP: 2/56 [mummy (8)]
  2959 | D:4      | Found a staircase to the Ecumenical Temple.
  2968 | Temple   | Entered the Ecumenical Temple
  3278 | D:5      | Entered Level 5 of the Dungeon
  3398 | D:5      | Reached * piety under Sif Muna
  3554 | D:5      | Found a blossoming altar of Fedhas.
  3554 | D:5      | Found a white marble altar of Elyvilon.
  3554 | D:5      | Found a sparkling altar of Nemelex Xobeh.
  3554 | D:5      | Found a stormy altar of Qazlal.
  3561 | D:5      | Found a radiant altar of Vehumet.
  3561 | D:5      | Found an ornate altar of the Wu Jian Council.
  3619 | D:5      | Reached XP level 8. HP: 57/63 MP: 12/16
  3649 | D:5      | Found a runed translucent gate.
  3662 | D:5      | Found a runed translucent gate.
  3663 | D:5      | Found a runed translucent gate.
  3665 | D:5      | Noticed topfpfpflanze's ghost (novice GnWn)
  3812 | D:5      | Found a sacrificial altar of Ru.
  4344 | D:6      | Found Ykhluone's Assorted Antiques.
  4350 | D:6      | Bought a scroll of teleportation for 87 gold pieces
  4350 | D:6      | Bought a scroll of teleportation for 87 gold pieces
  5303 | D:7      | Found Empuky Tihu's Magic Scroll Shoppe.
  5476 | D:7      | Got a transparent chain mail
  5487 | D:7      | Identified the cursed +0 chain mail of Vehumet's Delight
                  | {rPois rN+} (You found it on level 7 of the Dungeon)
  5488 | D:7      | Identified a scroll of acquirement
  5767 | D:7      | Bought a scroll of teleportation for 45 gold pieces
  6206 | D:7      | Reached XP level 9. HP: 69/69 MP: 1/18
  6290 | D:7      | Reached ** piety under Sif Muna
  6393 | D:8      | Found a runed translucent gate.
  6393 | D:8      | Found a runed translucent gate.
  6393 | D:8      | Found a runed translucent gate.
  6499 | D:8      | Noticed a two-headed ogre
  6666 | D:8      | Noticed sneaky's ghost (novice MiFi)
  7469 | D:8      | Found a snail-covered altar of Cheibriados.
  7482 | D:8      | Found a bloodstained altar of Trog.
  7595 | D:9      | Noticed Harold
  7626 | D:9      | Reached skill level 5 in Armour
  7670 | D:9      | Noticed Psyche
  7713 | D:9      | Slain by an orc warrior

Levels and vault maps discovered:
D:1:      shiori_arrival_oz, layout_loops_ring, minmay_close_crescents
D:2:      layout_basic, chequers_ecumenical_altar_twisty, uniq_terence
D:3:      layout_basic, chequers_temple_overflow_minitemple, first_ration,
          minmay_randomly_rotated_circles
D:4:      layout_rooms, minmay_temple_entry_grid,
          nicolae_ossuary_entry_catacombs
D:5:      layout_gridville, nicolae_ru_sacrificial_ziggurat,
          minmay_overflow_temple_hex, gammafunk_ghost_necromancy,
          minmay_misc_feat_cross
D:6:      layout_basic, serial_shops, nicolae_shop_stone
D:7:      layout_basic, serial_shops, nicolae_shop_waterfront
D:8:      layout_cave_pools, kennysheep_mini, lightli_temple_of_fire,
          gammafunk_ghost_icy
D:9:      layout_basic, lemuel_coloured_pillars_altar, david_orc_5,
          ebering_ghost_gozag, uniq_harold, uniq_psyche
Temple:   compressed_dpeg_triangle_lava_temple

Skill      XL: |  1  2  3  4  5  6  7  8  9 |
---------------+----------------------------+-----
Spellcasting   | 5 6 |  6.6
Short Blades   | 1 2 3 4 |  4.2
Long Blades    | 1 2 3 4 |  4.2
Axes           | 1 2 3 4 |  4.2
Maces & Flails | 1 2 3 4 |  4.2
Staves         | 1 2 3 4 |  4.2
Slings         | 1 2 3 4 |  4.2
Bows           | 1 2 3 4 |  4.2
Crossbows      | 1 2 3 4 |  4.2
Throwing       | 1 2 3 4 |  4.2
Stealth        | 1 2 3 4 |  4.2
Shields        | 1 2 3 4 |  4.2
Unarmed Combat | 1 2 3 4 |  4.2
Invocations    | 1 2 3 4 |  4.6
Evocations     | 1 2 3 4 |  4.2
Conjurations   | 1 2 3 |  3.4
Hexes          | 1 2 3 |  3.4
Summonings     | 1 2 3 |  3.4
Necromancy     | 1 2 3 |  3.4
Translocations | 1 2 3 |  3.4
Transmutations | 1 2 3 |  3.4
Fire Magic     | 1 2 3 |  3.4
Ice Magic      | 1 2 3 |  3.4
Air Magic      | 1 2 3 |  3.4
Earth Magic    | 1 2 3 |  3.4
Poison Magic   | 1 2 3 |  3.4
Armour         | 3 4 5 |  5.0
Fighting       | 5 6 |  6.3
Polearms       | 5 6 |  6.3
Dodging        | 5 6 |  6.3
Charms         | 6 |  6.5

Action                   |  1- 3 |  4- 6 |  7- 9 || total
-------------------------+-------+-------+-------++-------
Melee: Spear             |    60 |   170 |   273 ||   503
       Bite              |     3 |    18 |    51 ||    72
       Mace              |       |       |   237 ||   237
 Cast: Infusion          |    10 |     4 |     5 ||    19
       Spectral Weapon   |     2 |     7 |    37 ||    46
       Shroud of Golubri |       |     8 |    10 ||    18
       Regeneration      |       |     3 |    11 ||    14
  Use: Scroll            |       |     5 |     7 ||    12
       Potion            |       |     1 |       ||     1
 Stab: Sleeping          |     2 |     2 |     5 ||     9
       Distracted        |       |       |     2 ||     2
  Eat: Chunk             |       |     6 |    19 ||    25
       Ration            |       |       |     1 ||     1
Armor: Leather armour    |     5 |    20 |    99 ||   124
       Ring mail         |       |     6 |       ||     6
Dodge: Dodged            |    25 |    83 |   304 ||   412
Block: Buckler           |     1 |    42 |   176 ||   219
